TOP OF THE 1ST |
Hartford Pride batting - Pitching for Kansas Rainbeaus : RHP Cenek Stensel
|
Pitching: RHP Cenek Stensel
|
|
Batting: RHB Clinton Dotson
|
0-0: Ball 1-0: Ball 2-0: Called Strike 2-1: Fly out, F4 (Popup, 34, EV 68.1 MPH)
|
Batting: RHB Tonny Olieman
|
0-0: Called Strike 0-1: Foul Ball, location: 2F 0-2: Ball 1-2: Foul Ball, location: 2F 1-2: SINGLE (Flyball, 89S, EV 96.2 MPH)
|
Batting: RHB Koryusai Maejima
|
0-0: Fly out, F7 (Flyball, 78S, EV 79.4 MPH)
|
Batting: RHB Michael Jones
|
0-0: Hit by Pitch Tonny Olieman to second
|
Batting: RHB Juan Martínez
|
0-0: Fielders Choice at 2nd, 6-4 (Groundball, 6, EV 100.6 MPH)
|
Top of the 1st over - 0 runs, 1 hit, 0 errors, 2 left on base; Hartford 0 - Kansas 0 |
BOTTOM OF THE 1ST |
Kansas Rainbeaus batting - Pitching for Hartford Pride : RHP Choon-mo Kim
|
Pitching: RHP Choon-mo Kim
|
|
Batting: RHB Brian Kwasnika
|
0-0: Ball 1-0: Ball 2-0: Called Strike 2-1: Foul Ball, location: 2F 2-2: Strikes out looking
|
Batting: LHB Jack Washington
|
0-0: SINGLE (Line Drive, 89S, EV 99.4 MPH)
|
Batting: RHB Santiago Harmon
|
0-0: Ball 1-0: Called Strike 1-1: Called Strike 1-2: Strikes out looking
|
Batting: LHB Ken Hines
|
0-0: Called Strike 0-1: Ground out 4-3 (Groundball, 4, EV 87.5 MPH)
|
Bottom of the 1st over - 0 runs, 1 hit, 0 errors, 1 left on base; Hartford 0 - Kansas 0 |
TOP OF THE 2ND |
Hartford Pride batting - Pitching for Kansas Rainbeaus : RHP Cenek Stensel
|
Batting: RHB Shawn Wilson
|
0-0: Ball 1-0: Foul Ball, location: 2F 1-1: Ball 2-1: Called Strike 2-2: Ball 3-2: Ground out U3 (Groundball, 3, EV 79.4 MPH)
|
Batting: SHB Elvin Cook
|
0-0: Ball 1-0: Ball 2-0: Ball 3-0: Base on Balls
|
Batting: RHB Jesús Sierra
|
0-0: Ball 1-0: Ball 2-0: Called Strike 2-1: Grounds into double play, 1-4-3 (Groundball, 15, EV 61.2 MPH)
|
Top of the 2nd over - 0 runs, 0 hits, 0 errors, 0 left on base; Hartford 0 - Kansas 0 |
BOTTOM OF THE 2ND |
Kansas Rainbeaus batting - Pitching for Hartford Pride : RHP Choon-mo Kim
|
Batting: LHB James Moya
|
0-0: Ball 1-0: Ball 2-0: Ball 3-0: Base on Balls
|
Batting: RHB Daniel Richardson
|
0-0: Hit by Pitch James Moya to second
|
Batting: RHB Óscar Cardozo
|
0-0: Ball 1-0: Called Strike 1-1: Fielders Choice at 2nd, 5-4 (Groundball, 5, EV 89.4 MPH) James Moya to third
|
Batting: RHB Gregory Strickland
|
0-0: Ball 1-0: DOUBLE (Line Drive, 78M, EV 98.1 MPH) James Moya scores Óscar Cardozo to third
|
Batting: RHB Willie Norris
|
0-0: Ball 1-0: Ball 2-0: Ground out 6-3 (Groundball, P, EV 78.8 MPH) Óscar Cardozo scores Gregory Strickland to third
|
Batting: RHB Brian Kwasnika
|
0-0: Foul Ball, location: 2F 0-1: Foul Ball, location: 2F 0-2: Ball 1-2: SINGLE (Line Drive, 4MD, EV 103.1 MPH) Gregory Strickland scores
|
Batting: LHB Jack Washington
|
0-0: Ball 1-0: Foul Ball, location: 2F 1-1: Swinging Strike 1-2: Ball 2-2: Ground out 4-3 (Groundball, 4, EV 90.6 MPH)
|
Bottom of the 2nd over - 3 runs, 2 hits, 0 errors, 1 left on base; Hartford 0 - Kansas 3 |
TOP OF THE 3RD |
Hartford Pride batting - Pitching for Kansas Rainbeaus : RHP Cenek Stensel
|
Batting: RHB Juan Oreta
|
0-0: Ball 1-0: SINGLE (Groundball, 56D, EV 102.5 MPH)
|
Batting: RHB Clinton Dotson
|
0-0: Called Strike 0-1: Fly out, F8 (Flyball, 8LD, EV 93.1 MPH)
|
Batting: RHB Tonny Olieman
|
0-0: Called Strike 0-1: Swinging Strike 0-2: DOUBLE (Flyball, 8LXD, EV 112.5 MPH) Juan Oreta to third
|
Batting: RHB Koryusai Maejima
|
0-0: Swinging Strike 0-1: Swinging Strike 0-2: Strikes out swinging
|
Batting: RHB Michael Jones
|
0-0: Ball 1-0: Called Strike 1-1: Foul Ball, location: 2F 1-2: Ball 2-2: Ball 3-2: Fly out, F8 (Flyball, 8RM, EV 90.6 MPH)
|
Top of the 3rd over - 0 runs, 2 hits, 0 errors, 2 left on base; Hartford 0 - Kansas 3 |
BOTTOM OF THE 3RD |
Kansas Rainbeaus batting - Pitching for Hartford Pride : RHP Choon-mo Kim
|
Batting: RHB Santiago Harmon
|
0-0: Fly out, F8 (Flyball, 8RM, EV 85.0 MPH)
|
Batting: LHB Ken Hines
|
0-0: Called Strike 0-1: Ball 1-1: Ball 2-1: Ball 3-1: Swinging Strike 3-2: Ground out 4-3 (Groundball, 4D, EV 96.2 MPH)
|
Batting: LHB James Moya
|
0-0: Ball 1-0: Called Strike 1-1: Foul Ball, location: 2F 1-2: Ball 2-2: Ball 3-2: Base on Balls
|
Batting: RHB Daniel Richardson
|
0-0: Called Strike 0-1: Foul Ball, location: 2F 0-2: Ball 1-2: Foul Ball, location: 2F 1-2: Foul Ball, location: 2F 1-2: Foul Ball, location: 2F 1-2: Ball 2-2: Foul Ball, location: 2F 2-2: Ball 3-2: Base on Balls James Moya to second
|
Batting: RHB Óscar Cardozo
|
0-0: Hit by Pitch James Moya to third Daniel Richardson to second
|
Batting: RHB Gregory Strickland
|
0-0: Ball 1-0: Swinging Strike 1-1: Swinging Strike 1-2: Strikes out swinging
|
Bottom of the 3rd over - 0 runs, 0 hits, 0 errors, 3 left on base; Hartford 0 - Kansas 3 |
TOP OF THE 4TH |
Hartford Pride batting - Pitching for Kansas Rainbeaus : RHP Cenek Stensel
|
Batting: RHB Juan Martínez
|
0-0: Foul Ball, location: 2F 0-1: Ball 1-1: DOUBLE (Line Drive, 89D, EV 111.2 MPH)
|
Batting: RHB Shawn Wilson
|
0-0: Swinging Strike 0-1: Foul Ball, location: 2F 0-2: Strikes out swinging
|
Batting: SHB Elvin Cook
|
0-0: Ball 1-0: Ball 2-0: Ball 3-0: Called Strike 3-1: Swinging Strike 3-2: Base on Balls
|
Batting: RHB Jesús Sierra
|
0-0: Called Strike 0-1: Foul Ball, location: 2F 0-2: Ball 1-2: TRIPLE (Flyball, 9LD, EV 115.6 MPH) Juan Martínez scores Elvin Cook scores
|
Batting: RHB Juan Oreta
|
0-0: Ball 1-0: Ball 2-0: Called Strike 2-1: Foul Ball, location: 2F 2-2: SINGLE (Groundball, 56S, EV 65.6 MPH) (infield hit) Jesús Sierra scores
|
Batting: RHB Clinton Dotson
|
0-0: Swinging Strike 0-1: Foul Ball, location: 2F 0-2: Foul Ball, location: 2F 0-2: Ball 1-2: Ball 2-2: Strikes out swinging
|
Batting: RHB Tonny Olieman
|
0-0: Fly out, F8 (Flyball, 8LXD, EV 101.9 MPH)
|
Top of the 4th over - 3 runs, 3 hits, 0 errors, 1 left on base; Hartford 3 - Kansas 3 |
BOTTOM OF THE 4TH |
Kansas Rainbeaus batting - Pitching for Hartford Pride : RHP Choon-mo Kim
|
Batting: RHB Willie Norris
|
0-0: Foul Ball, location: 2F 0-1: Ball 1-1: Ball 2-1: Fly out, F9 (Flyball, 9S, EV 90.0 MPH)
|
Batting: RHB Brian Kwasnika
|
0-0: Ball 1-0: DOUBLE (Line Drive, 5D, EV 95.6 MPH)
|
Batting: LHB Jack Washington
|
0-0: Ground out 4-3 (Groundball, 34, EV 104.4 MPH) Brian Kwasnika to third
|
Batting: RHB Santiago Harmon
|
0-0: Called Strike 0-1: Ground out 4-3 (Groundball, 34, EV 106.2 MPH)
|
Bottom of the 4th over - 0 runs, 1 hit, 0 errors, 1 left on base; Hartford 3 - Kansas 3 |
TOP OF THE 5TH |
Hartford Pride batting - Pitching for Kansas Rainbeaus : RHP Cenek Stensel
|
Batting: RHB Koryusai Maejima
|
0-0: Called Strike 0-1: Ball 1-1: Swinging Strike 1-2: Strikes out swinging
|
Batting: RHB Michael Jones
|
0-0: Fly out, F8 (Flyball, 8RD, EV 104.4 MPH)
|
Batting: RHB Juan Martínez
|
0-0: Called Strike 0-1: Foul Ball, location: 2F 0-2: Ball 1-2: Ball 2-2: SINGLE (Line Drive, 4M, EV 103.8 MPH)
|
Batting: RHB Shawn Wilson
|
0-0: Called Strike 0-1: Called Strike 0-2: Ball 1-2: Ground out 4-3 (Groundball, 34, EV 90.6 MPH)
|
Top of the 5th over - 0 runs, 1 hit, 0 errors, 1 left on base; Hartford 3 - Kansas 3 |
BOTTOM OF THE 5TH |
Kansas Rainbeaus batting - Pitching for Hartford Pride : RHP Choon-mo Kim
|
Batting: LHB Ken Hines
|
0-0: Foul Ball, location: 2F 0-1: Called Strike 0-2: DOUBLE (Line Drive, 89D, EV 104.4 MPH)
|
Batting: LHB James Moya
|
0-0: Intentional Walk
|
Batting: RHB Daniel Richardson
|
0-0: Ball 1-0: Sac Bunt to 2R - play at first, batter OUT! 2-4 Ken Hines to third James Moya to second
|
Batting: RHB Óscar Cardozo
|
0-0: Intentional Walk
|
Batting: RHB Gregory Strickland
|
0-0: Called Strike 0-1: Ball 1-1: Foul Ball, location: 2F 1-2: Ball 2-2: Ball 3-2: Base on Balls Ken Hines scores James Moya to third Óscar Cardozo to second
|
Batting: RHB Willie Norris
|
0-0: Called Strike 0-1: Ball 1-1: Swinging Strike 1-2: Foul Ball, location: 2F 1-2: Foul Ball, location: 2F 1-2: Ball Wild Pitch! James Moya scores Óscar Cardozo to third Gregory Strickland to second 2-2: Foul Ball, location: 2F 2-2: Ball 3-2: Base on Balls
|
Pitching: RHP Mark Hogan
|
|
Batting: RHB Brian Kwasnika
|
0-0: Fly out, F7 (Flyball, 78S, EV 81.2 MPH)
|
Batting: LHB Jack Washington
|
0-0: Swinging Strike 0-1: Fielders Choice at 2nd, 6-4 (Groundball, 4M, EV 104.4 MPH)
|
Bottom of the 5th over - 2 runs, 1 hit, 0 errors, 3 left on base; Hartford 3 - Kansas 5 |
TOP OF THE 6TH |
Hartford Pride batting - Pitching for Kansas Rainbeaus : RHP Cenek Stensel
|
Batting: SHB Elvin Cook
|
0-0: Ball 1-0: Ball 2-0: SINGLE (Groundball, 34D, EV 106.9 MPH)
|
Batting: RHB Jesús Sierra
|
0-0: Bunt missed! 0-1: Sac Bunt to 15 - play at first, batter OUT! 1-4 Elvin Cook to second
|
Pitching: RHP Ron Canseco
|
|
Pinch Hitting: SHB Jason Thrower
|
0-0: Ball 1-0: Ball 2-0: Foul Ball, location: 2F 2-1: Foul Ball, location: 2F 2-2: Ground out 5-3 (Groundball, 5, EV 86.9 MPH)
|
Batting: RHB Clinton Dotson
|
0-0: Ball 1-0: Called Strike 1-1: Ball 2-1: Foul Ball, location: 2F 2-2: Strikes out swinging
|
Top of the 6th over - 0 runs, 1 hit, 0 errors, 1 left on base; Hartford 3 - Kansas 5 |
BOTTOM OF THE 6TH |
Kansas Rainbeaus batting - Pitching for Hartford Pride : RHP Mark Hogan
|
Now at SS: Jason Thrower
|
|
Batting: RHB Santiago Harmon
|
0-0: Ball 1-0: Ball 2-0: Ball 3-0: Swinging Strike 3-1: Base on Balls
|
Batting: LHB Ken Hines
|
0-0: Ball 1-0: Ball 2-0: Called Strike 2-1: Swinging Strike 2-2: Foul Ball, location: 2F 2-2: Fly out, F5 (Popup, 25, EV 87.5 MPH)
|
Batting: LHB James Moya
|
0-0: Foul Ball, location: 2F 0-1: Ball 1-1: Foul Ball, location: 2F 1-2: Foul Ball, location: 2F 1-2: Grounds into double play, 4-6-3 (Groundball, 34, EV 85.6 MPH)
|
Bottom of the 6th over - 0 runs, 0 hits, 0 errors, 0 left on base; Hartford 3 - Kansas 5 |
TOP OF THE 7TH |
Hartford Pride batting - Pitching for Kansas Rainbeaus : RHP Ron Canseco
|
Batting: RHB Tonny Olieman
|
0-0: Swinging Strike 0-1: Called Strike 0-2: SINGLE (Groundball, 6M, EV 92.5 MPH) (infield hit)
|
Batting: RHB Koryusai Maejima
|
0-0: Swinging Strike 0-1: Called Strike 0-2: Strikes out swinging
|
Batting: RHB Michael Jones
|
0-0: Ball 1-0: Called Strike Tonny Olieman steals 2nd, throwing error, E2 Tonny Olieman to third 1-1: Called Strike 1-2: Ball 2-2: Strikes out looking
|
Batting: RHB Juan Martínez
|
0-0: Called Strike 0-1: DOUBLE (Line Drive, 5D, EV 106.2 MPH) Tonny Olieman scores
|
Batting: RHB Shawn Wilson
|
0-0: Ball 1-0: Ball 2-0: Ground out 6-3 (Groundball, 6, EV 84.4 MPH)
|
Top of the 7th over - 1 run, 2 hits, 1 error, 1 left on base; Hartford 4 - Kansas 5 |
BOTTOM OF THE 7TH |
Kansas Rainbeaus batting - Pitching for Hartford Pride : RHP Mark Hogan
|
Batting: RHB Daniel Richardson
|
0-0: Ball 1-0: Ground out U3 (Groundball, 3, EV 83.1 MPH)
|
Batting: RHB Óscar Cardozo
|
0-0: Swinging Strike 0-1: Foul Ball, location: 2F 0-2: Foul Ball, location: 2F 0-2: Strikes out swinging
|
Batting: RHB Gregory Strickland
|
0-0: Called Strike 0-1: Swinging Strike 0-2: Strikes out looking
|
Bottom of the 7th over - 0 runs, 0 hits, 0 errors, 0 left on base; Hartford 4 - Kansas 5 |
TOP OF THE 8TH |
Hartford Pride batting - Pitching for Kansas Rainbeaus : RHP Ron Canseco
|
Now in LF: Qui-li Jin
|
|
Now in RF: Jack Washington
|
|
Batting: SHB Elvin Cook
|
0-0: Called Strike 0-1: Foul Ball, location: 2F 0-2: Foul Ball, location: 2F 0-2: Strikes out swinging
|
Batting: RHB Jesús Sierra
|
0-0: Ball 1-0: Fly out, F7 (Flyball, 7, EV 96.9 MPH)
|
Batting: SHB Jason Thrower
|
0-0: Ball 1-0: Called Strike 1-1: Ground out 4-3 (Groundball, 34, EV 102.5 MPH)
|
Top of the 8th over - 0 runs, 0 hits, 0 errors, 0 left on base; Hartford 4 - Kansas 5 |
BOTTOM OF THE 8TH |
Kansas Rainbeaus batting - Pitching for Hartford Pride : RHP Mark Hogan
|
Batting: RHB Willie Norris
|
0-0: Ball 1-0: Called Strike 1-1: Swinging Strike 1-2: Ball 2-2: Strikes out swinging
|
Batting: RHB Brian Kwasnika
|
0-0: Ball 1-0: Called Strike 1-1: Ball 2-1: Fly out, F8 (Flyball, 8LD, EV 91.9 MPH)
|
Batting: LHB Jack Washington
|
0-0: Swinging Strike 0-1: Foul Ball, location: 2F 0-2: Ball 1-2: Ground out 4-3 (Groundball, 4S, EV 81.9 MPH)
|
Bottom of the 8th over - 0 runs, 0 hits, 0 errors, 0 left on base; Hartford 4 - Kansas 5 |
TOP OF THE 9TH |
Hartford Pride batting - Pitching for Kansas Rainbeaus : RHP Ron Canseco
|
Pitching: RHP Alex Thompson
|
|
Batting: RHB Clinton Dotson
|
0-0: SINGLE (Groundball, 6MS, EV 62.5 MPH) (infield hit)
|
Batting: RHB Tonny Olieman
|
0-0: Ball 1-0: Ball 2-0: Hit by Pitch Clinton Dotson to second
|
Batting: RHB Koryusai Maejima
|
0-0: Ball 1-0: Called Strike 1-1: Foul Ball, location: 2F 1-2: Foul Ball, location: 2F 1-2: Strikes out swinging
|
Batting: RHB Michael Jones
|
0-0: Called Strike 0-1: Swinging Strike 0-2: Strikes out swinging
|
Batting: RHB Juan Martínez
|
0-0: Called Strike 0-1: Ball 1-1: Ball 2-1: Foul Ball, location: 2F 2-2: Strikes out looking
|
Top of the 9th over - 0 runs, 1 hit, 0 errors, 2 left on base; Hartford 4 - Kansas 5 |
|